 Dungeon Crawl Stone Soup version 0.17.0-27-g4a3f43e (webtiles) character file.

237 septik the Digger (level 6, -8/32 HPs)
             Began as a Gargoyle Earth Elementalist on Nov 21, 2015.
             Killed by divine providence
             ... invoked by an orc priest
              (10 damage)
             ... on level 4 of the Dungeon.
             The game lasted 00:05:19 (2601 turns).

septik the Digger (Gargoyle Earth Elementalist)     Turns: 2601, Time: 00:05:19

Health: -8/32      AC: 17    Str: 12    XL:     6   Next: 6%
Magic:  12/12      EV: -3    Int: 17    God:
Gold:   100        SH:  0    Dex: 10    Spells: 3 memorised, 7 levels left

rFire  . . .     SeeInvis .     i - +1 whip (distort)
rCold  . . .     Clarity  .     m - +0 plate armour
rNeg   + . .     SustAt   .     (no shield)
rPois  ∞         Gourm    .     (no helmet)
rElec  +         Spirit   .     n - +1 cloak
rCorr  .         Warding  .     (no gloves)
rMut   .         Stasis   .     v - +0 pair of boots
MR     .....                    (no amulet)
Stlth  ..........               (no ring)
                                (no ring)

@: not resistant to hostile enchantments, extremely unstealthy
A: negative energy resistance 1, electricity resistance, unbreathing,
petrification resistance, rot immunity, AC +4
a: no special abilities


You were on level 4 of the Dungeon.
You were hungry.

You visited 1 branch of the dungeon, and saw 4 of its levels.

You collected 100 gold pieces.

Inventory:

Hand Weapons
 i - a +1 whip of distortion (weapon)
Missiles
 b - 157 stones
Armour
 a - a +0 robe
 m - a +0 plate armour (worn)
 n - a +1 cloak (worn)
 v - a +0 pair of boots (worn)
Jewellery
 g - a cursed ring of loudness {unknown}
 s - an uncursed ring of ice {unknown}
Scrolls
 h - 4 scrolls of identify {unknown}
 k - 2 scrolls of teleportation {unknown}
 q - 3 scrolls of enchant weapon {unknown}
 u - a scroll of magic mapping {unknown}
 w - a scroll of remove curse {unknown}
 x - 2 scrolls of enchant armour {unknown}
Potions
 e - a potion of degeneration {unknown}
 j - 2 potions of might {unknown}
 l - a potion of heal wounds {unknown}
 o - a potion of poison {unknown}
 p - a potion of mutation {unknown}
 t - a potion of magic {unknown}
Books
 c - a book of Geomancy

   Spells                             Type                      Level
   a - Sandblast                      Earth                        1
   b - Stoneskin                      Transmutation/Earth          2
   c - Passwall                       Transmutation/Earth          3
   d - Stone Arrow                    Conjuration/Earth            3
   e - Petrify                        Transmutation/Earth          4
   f - Lee's Rapid Deconstruction     Earth                        5
Comestibles
 d - 3 bread rations
 f - 2 meat rations
 r - a royal jelly
 z - a slice of pizza


   Skills:
 + Level 3.0 Maces & Flails
 - Level 1.5 Dodging
 - Level 2.1 Stealth
 * Level 4.1 Spellcasting
 - Level 0.7 Transmutations
 + Level 4.8 Earth Magic


You had 7 spell levels left.
You knew the following spells:

 Your Spells              Type           Power        Failure   Level  Hunger
a - Sandblast             Erth           ###...       100%        1    None
b - Stoneskin             Trmt/Erth      ##......     100%        2    ##.....
c - Stone Arrow           Conj/Erth      ##....       100%        3    ###....


Dungeon Overview and Level Annotations

Branches:
Dungeon (4/15)
 Temple: D:4-7

Altars:


Innate Abilities, Weirdness & Mutations

You are resistant to torment.
Your stone body is resilient (AC +4).
You are immune to poison.
You resist negative energy.
You are resistant to electric shocks.
You can survive without breathing.
You are immune to petrification.
You are immune to rotting.


Message History

An orc comes into view. It is wielding a dagger.
The gnoll hits you from afar with a halberd.
The gnoll hits you from afar with a halberd of freezing.
The gnoll freezes you. The gnoll hits you with a halberd.
You hit the gnoll.
Space warps horribly around the gnoll!
The gnoll is almost dead.
The gnoll hits you but does no damage.
You hit the gnoll.
You kill the gnoll!
Your Maces & Flails skill increases to level 3!
The orc priest mumbles some strange prayers to Beogh against you.
Something smites you!
Ouch! That really hurt!
* * * LOW HITPOINT WARNING * * *
Unknown command.
There is a stone staircase leading up here.
The gnoll hits you but does no damage.
The orc priest calls down the wrath of Beogh upon you.
Something smites you!
You die...

#.........#.#....[#
#.# #.#.....# #.#
#.#.....#
#.#######.#.....#
#.).o...o.#.....#
#########.#.#'#####
.........g.#.....+
##.#...##..#.#####
#....[.@#.....+
#......##.#####
#............#
#....#.##.####
#....#.##.#
#....#.#### #...
... ### ###


You could see an orc priest and a gnoll.

Vanquished Creatures
  Ijyb (D:2)
  Jessica (D:2)
  Terence (D:3)
  An orc wizard (D:3)
  A gnoll (D:4)
  5 adders
  An ooze (D:2)
  2 worms
  A giant gecko (D:2)
  4 orcs (D:3)
  A ball python (D:3)
  3 giant cockroaches
  12 goblins
  8 hobgoblins
  8 bats
  3 giant newts
  5 kobolds
  2 quokkas
  5 rats
65 creatures vanquished.

Vanquished Creatures (others)
  An orc (D:3)
  A bat (D:3)
  A quokka (D:3)
3 creatures vanquished.

Grand Total: 68 creatures vanquished

Notes
Turn   | Place    | Note
--------------------------------------------------------------
     0 | D:1      | septik the Gargoyle Earth Elementalist began the quest for the Orb.
     0 | D:1      | Reached XP level 1. HP: 10/10 MP: 3/3
   223 | D:1      | Reached XP level 2. HP: 13/15 MP: 5/5
   673 | D:1      | Reached skill level 4 in Earth Magic
   860 | D:1      | Reached XP level 3. HP: 19/19 MP: 7/7
   962 | D:2      | Noticed Ijyb
   969 | D:2      | Killed Ijyb
   981 | D:2      | Learned a level 2 spell: Stoneskin
   985 | D:2      | Learned a level 3 spell: Stone Arrow
   993 | D:2      | Reached XP level 4. HP: 24/24 MP: 8/8
  1061 | D:2      | Noticed Jessica
  1070 | D:2      | Killed Jessica
  1292 | D:2      | Reached XP level 5. HP: 24/28 MP: 10/10
  1745 | D:3      | Noticed Terence
  1777 | D:3      | Killed Terence
  2000 | D:3      | Found a faded altar to an unknown god.
  2390 | D:3      | Reached XP level 6. HP: 32/32 MP: 12/12
  2594 | D:4      | HP: 1/32 [orc priest/divine providence (16)]
  2601 | D:4      | Killed from afar by an orc priest

Action                   |  1- 3 |  4- 6 || total
-------------------------+-------+-------++-------
Melee: Unarmed           |    22 |       ||    22
       Whip              |    66 |   214 ||   280
 Cast: Sandblast         |     2 |       ||     2
 Stab: Sleeping          |     1 |       ||     1
       Distracted        |     1 |       ||     1
  Eat: Chunk             |       |     5 ||     5
